TOP OF THE 1ST |
Bompton Baby Lakers batting - Pitching for Canonniers de Quebec : LHP Kenny Lindsey
|
Pitching: LHP Kenny Lindsey
|
|
Batting: RHB Mike O'Neill
|
0-0: Called Strike 0-1: Called Strike 0-2: Ball 1-2: Ball 2-2: Foul Ball, location: 2F 2-2: Ball 3-2: DOUBLE (Line Drive, 78XD)
|
Batting: RHB Seitaro Ichihara
|
0-0: SINGLE (Groundball, 34D) Mike O'Neill to third
|
Batting: RHB William Luna
|
0-0: Fly out, F8 (Flyball, 8LS) Runner from 3rd tags up, SCORES, no throw
|
Batting: RHB Carlos Hernández
|
0-0: Foul Ball, location: 2F 0-1: Foul Ball, location: 2F 0-2: Grounds into double play, 5-4-3 (Groundball, 56)
|
Top of the 1st over - 1 run, 2 hits, 0 errors, 0 left on base; Bompton 1 - Canonniers de Quebec 0 |
BOTTOM OF THE 1ST |
Canonniers de Quebec batting - Pitching for Bompton Baby Lakers : LHP Abdul-Nasir Rabah
|
Pitching: LHP Abdul-Nasir Rabah
|
|
Batting: RHB Rich Lucas
|
0-0: Ground out 6-3 (Groundball, 6)
|
Batting: RHB Dylan Oram
|
0-0: Ball 1-0: Ball 2-0: Foul Ball, location: 2F 2-1: Foul Ball, location: 2F 2-2: DOUBLE (Line Drive, 78D)
|
Batting: RHB Sallvador Rebola
|
0-0: Ball 1-0: DOUBLE (Line Drive, 9LS) Dylan Oram scores
|
Batting: RHB Josh Iriarte
|
0-0: SINGLE (Line Drive, 78M) Sallvador Rebola to third Runner from 3rd tries for Home, SAFE, no throw
|
Batting: RHB Spencer Wiggins
|
0-0: DOUBLE (Flyball, 89D) Josh Iriarte to third
|
Batting: LHB Joaquín Vera
|
0-0: Swinging Strike 0-1: Ball 1-1: Swinging Strike 1-2: Strikes out swinging
|
Batting: RHB Sean Urien
|
0-0: Ball 1-0: Called Strike 1-1: Swinging Strike 1-2: Fly out, F8 (Flyball, 8RD)
|
Bottom of the 1st over - 2 runs, 4 hits, 0 errors, 2 left on base; Bompton 1 - Canonniers de Quebec 2 |
TOP OF THE 2ND |
Bompton Baby Lakers batting - Pitching for Canonniers de Quebec : LHP Kenny Lindsey
|
Batting: RHB Joe Smith
|
0-0: Ground out 4-3 (Groundball, 4)
|
Batting: RHB Francisco Ortíz
|
0-0: Ball 1-0: Ball 2-0: Fly out, F8 (Flyball, 89D)
|
Batting: RHB George Towns
|
0-0: Foul Ball, location: 2F 0-1: Ball 1-1: Ball 2-1: Ball 3-1: Ground out 3-1 (Groundball, 34)
|
Top of the 2nd over - 0 runs, 0 hits, 0 errors, 0 left on base; Bompton 1 - Canonniers de Quebec 2 |
BOTTOM OF THE 2ND |
Canonniers de Quebec batting - Pitching for Bompton Baby Lakers : LHP Abdul-Nasir Rabah
|
Batting: LHB Tony McMillan
|
0-0: Foul Ball, location: 2F 0-1: Foul Ball, location: 2F 0-2: Foul Ball, location: 2F 0-2: Fly out, F9 (Flyball, 89M)
|
Batting: LHB Neel Vink
|
0-0: Ball 1-0: Called Strike 1-1: Ground out U3 (Groundball, 3)
|
Batting: RHB Rich Lucas
|
0-0: Called Strike 0-1: Foul Ball, location: 2F 0-2: Ball 1-2: Ball 2-2: Fly out, F8 (Flyball, 78M)
|
Bottom of the 2nd over - 0 runs, 0 hits, 0 errors, 0 left on base; Bompton 1 - Canonniers de Quebec 2 |
TOP OF THE 3RD |
Bompton Baby Lakers batting - Pitching for Canonniers de Quebec : LHP Kenny Lindsey
|
Batting: LHB Jonas Strachoty
|
0-0: Ball 1-0: Foul Ball, location: 2F 1-1: Called Strike 1-2: Ball 2-2: Strikes out swinging
|
Batting: RHB Shawn Mullins
|
0-0: Ball 1-0: Ball 2-0: Called Strike 2-1: Swinging Strike 2-2: Ball 3-2: Base on Balls
|
Batting: RHB Mike O'Neill
|
0-0: Ball 1-0: Foul Ball, location: 2F 1-1: Ball 2-1: Ball 3-1: Foul Ball, location: 2F 3-2: Ground out 3-1 (Groundball, 34S) Shawn Mullins to second
|
Batting: RHB Seitaro Ichihara
|
0-0: Called Strike 0-1: SINGLE (Line Drive, 56) Shawn Mullins to third Runner from 3rd tries for Home, SAFE, no throw
|
Batting: RHB William Luna
|
0-0: Called Strike 0-1: Called Strike 0-2: Ball Seitaro Ichihara steals 2nd base 1-2: Strikes out looking
|
Top of the 3rd over - 1 run, 1 hit, 0 errors, 1 left on base; Bompton 2 - Canonniers de Quebec 2 |
BOTTOM OF THE 3RD |
Canonniers de Quebec batting - Pitching for Bompton Baby Lakers : LHP Abdul-Nasir Rabah
|
Batting: RHB Dylan Oram
|
0-0: Ball 1-0: Ground out 5-3 (Groundball, 56)
|
Batting: RHB Sallvador Rebola
|
0-0: Ball 1-0: Ball 2-0: Fly out, F9 (Flyball, 89S)
|
Batting: RHB Josh Iriarte
|
0-0: Ball 1-0: Ball 2-0: Called Strike 2-1: Foul Ball, location: 2F 2-2: Foul Ball, location: 2F 2-2: SINGLE (Flyball, 9S)
|
Batting: RHB Spencer Wiggins
|
0-0: Ground out 4-3 (Groundball, 34)
|
Bottom of the 3rd over - 0 runs, 1 hit, 0 errors, 1 left on base; Bompton 2 - Canonniers de Quebec 2 |
TOP OF THE 4TH |
Bompton Baby Lakers batting - Pitching for Canonniers de Quebec : LHP Kenny Lindsey
|
Batting: RHB Carlos Hernández
|
0-0: Ball 1-0: Called Strike 1-1: Foul Ball, location: 2F 1-2: Ball 2-2: Foul Ball, location: 2F 2-2: Fly out, F1 (Line Drive, 13)
|
Pitching: RHP Lorenzo Flores
|
|
Batting: RHB Joe Smith
|
0-0: Ball 1-0: Called Strike 1-1: Foul Ball, location: 2F 1-2: Ball 2-2: Foul Ball, location: 2F 2-2: Ball 3-2: Strikes out swinging
|
Batting: RHB Francisco Ortíz
|
0-0: Called Strike 0-1: Ball 1-1: Ball 2-1: Fly out, F3 (Popup, 3SF)
|
Top of the 4th over - 0 runs, 0 hits, 0 errors, 0 left on base; Bompton 2 - Canonniers de Quebec 2 |
BOTTOM OF THE 4TH |
Canonniers de Quebec batting - Pitching for Bompton Baby Lakers : LHP Abdul-Nasir Rabah
|
Batting: LHB Joaquín Vera
|
0-0: SINGLE (Line Drive, 89S)
|
Batting: RHB Sean Urien
|
0-0: Ball 1-0: Ball 2-0: Fly out, F3 (Popup, 23F)
|
Batting: LHB Tony McMillan
|
0-0: Ball 1-0: Ball 2-0: Foul Ball, location: 2F 2-1: Ball 3-1: Grounds into double play, 6-4-3 (Groundball, 6)
|
Bottom of the 4th over - 0 runs, 1 hit, 0 errors, 0 left on base; Bompton 2 - Canonniers de Quebec 2 |
TOP OF THE 5TH |
Bompton Baby Lakers batting - Pitching for Canonniers de Quebec : RHP Lorenzo Flores
|
Batting: RHB George Towns
|
0-0: Ball 1-0: Called Strike 1-1: SINGLE (Flyball, 7LS)
|
Batting: LHB Jonas Strachoty
|
0-0: Ball 1-0: Bunt missed! 1-1: Bunt - Flyout! F3
|
Batting: RHB Shawn Mullins
|
0-0: Ball 1-0: SINGLE (Groundball, 5D) George Towns to second
|
Batting: RHB Mike O'Neill
|
0-0: Called Strike 0-1: Ball 1-1: Foul Ball, location: 2F 1-2: Ball 2-2: Fly out, F9 (Flyball, 9S)
|
Batting: RHB Seitaro Ichihara
|
0-0: Ball 1-0: Fielders Choice at 2nd, 6-4 (Groundball, 56)
|
Top of the 5th over - 0 runs, 2 hits, 0 errors, 2 left on base; Bompton 2 - Canonniers de Quebec 2 |
BOTTOM OF THE 5TH |
Canonniers de Quebec batting - Pitching for Bompton Baby Lakers : LHP Abdul-Nasir Rabah
|
Batting: LHB Neel Vink
|
0-0: Ball 1-0: Ball 2-0: Ball 3-0: Called Strike 3-1: Foul Ball, location: 2F 3-2: Fly out, F8 (Flyball, 8RS)
|
Batting: RHB Rich Lucas
|
0-0: Ball 1-0: Ball 2-0: Foul Ball, location: 2F 2-1: Foul Ball, location: 2F 2-2: Ball 3-2: Ground out 1-3 (Groundball, 13S)
|
Batting: RHB Dylan Oram
|
0-0: Ball 1-0: Swinging Strike 1-1: Ball 2-1: Foul Ball, location: 2F 2-2: Ground out 5-3 (Groundball, 56S)
|
Bottom of the 5th over - 0 runs, 0 hits, 0 errors, 0 left on base; Bompton 2 - Canonniers de Quebec 2 |
TOP OF THE 6TH |
Bompton Baby Lakers batting - Pitching for Canonniers de Quebec : RHP Lorenzo Flores
|
Batting: RHB William Luna
|
0-0: Ball 1-0: Ball 2-0: Swinging Strike 2-1: Ball 3-1: Called Strike 3-2: Strikes out looking
|
Batting: RHB Carlos Hernández
|
0-0: Ball 1-0: Ball 2-0: Ball 3-0: Called Strike 3-1: Base on Balls
|
Batting: RHB Joe Smith
|
0-0: Ball 1-0: Foul Ball, location: 2F 1-1: Foul Ball, location: 2F 1-2: Ball 2-2: Foul Ball, location: 2F 2-2: Ball 3-2: Strikes out swinging
|
Batting: RHB Francisco Ortíz
|
0-0: Ball 1-0: Foul Ball, location: 2F 1-1: Foul Ball, location: 2F 1-2: Ball 2-2: Ball 3-2: Foul Ball, location: 2F 3-2: Foul Ball, location: 2F 3-2: Strikes out looking
|
Top of the 6th over - 0 runs, 0 hits, 0 errors, 1 left on base; Bompton 2 - Canonniers de Quebec 2 |
BOTTOM OF THE 6TH |
Canonniers de Quebec batting - Pitching for Bompton Baby Lakers : LHP Abdul-Nasir Rabah
|
Batting: RHB Sallvador Rebola
|
0-0: Ball 1-0: Ball 2-0: Called Strike 2-1: Ground out 6-3 (Groundball, 6M)
|
Batting: RHB Josh Iriarte
|
0-0: Ball 1-0: Called Strike 1-1: Ball 2-1: Foul Ball, location: 2F 2-2: Ball 3-2: Fly out, F7 (Flyball, 7LS)
|
Batting: RHB Spencer Wiggins
|
0-0: Ball 1-0: Ground out 4-3 (Groundball, 4MS)
|
Bottom of the 6th over - 0 runs, 0 hits, 0 errors, 0 left on base; Bompton 2 - Canonniers de Quebec 2 |
TOP OF THE 7TH |
Bompton Baby Lakers batting - Pitching for Canonniers de Quebec : RHP Lorenzo Flores
|
Pitching: RHP Guy Walters
|
|
Batting: RHB George Towns
|
0-0: Foul Ball, location: 2F 0-1: Ball 1-1: Swinging Strike 1-2: Foul Ball, location: 2F 1-2: Ball 2-2: Strikes out swinging
|
Pinch Hitting: LHB Rafael Romero
|
0-0: Called Strike 0-1: Ball 1-1: Reached on error, E5 (Groundball, 56S)
|
Pinch Hitting: SHB Fergus Stidston
|
0-0: Intentional Walk
|
Batting: RHB Mike O'Neill
|
0-0: Ball 1-0: Ball 2-0: Foul Ball, location: 2F 2-1: Ball 3-1: Foul Ball, location: 2F 3-2: Ground out 3-1 (Groundball, 34) Rafael Romero to third Fergus Stidston to second
|
Batting: RHB Seitaro Ichihara
|
0-0: Ball 1-0: Called Strike 1-1: Called Strike 1-2: Ball 2-2: Strikes out looking
|
Top of the 7th over - 0 runs, 0 hits, 1 error, 2 left on base; Bompton 2 - Canonniers de Quebec 2 |
BOTTOM OF THE 7TH |
Canonniers de Quebec batting - Pitching for Bompton Baby Lakers : LHP Abdul-Nasir Rabah
|
Now at 1B: Rafael Romero
|
|
Now in CF: Ben Bullock
|
|
Batting: LHB Joaquín Vera
|
0-0: Ball 1-0: Swinging Strike 1-1: Ball 2-1: Ground out 4-3 (Groundball, 4M)
|
Batting: RHB Sean Urien
|
0-0: Ground out 5-3 (Groundball, 56)
|
Batting: LHB Tony McMillan
|
0-0: Called Strike 0-1: Swinging Strike 0-2: Foul Ball, location: 2F 0-2: Ball 1-2: Ball 2-2: Ground out U3 (Groundball, 3)
|
Bottom of the 7th over - 0 runs, 0 hits, 0 errors, 0 left on base; Bompton 2 - Canonniers de Quebec 2 |
TOP OF THE 8TH |
Bompton Baby Lakers batting - Pitching for Canonniers de Quebec : RHP Guy Walters
|
Batting: RHB William Luna
|
0-0: Ball 1-0: Foul Ball, location: 2F 1-1: Ball 2-1: Ball 3-1: DOUBLE (Flyball, 8RXD)
|
Batting: RHB Carlos Hernández
|
0-0: Intentional Walk
|
Pitching: RHP Erick Indiano
|
|
Batting: RHB Joe Smith
|
0-0: Foul Ball, location: 2F 0-1: Ball 1-1: Foul Ball, location: 2F 1-2: Strikes out swinging
|
Batting: RHB Francisco Ortíz
|
0-0: Ball 1-0: Foul Ball, location: 2F 1-1: SINGLE (Groundball, 6MD) William Luna to third Carlos Hernández to second
|
Batting: RHB George Towns
|
0-0: Foul Ball, location: 2F 0-1: Foul Ball, location: 2F 0-2: Ball 1-2: Ball 2-2: Grounds into fielders choice 1-2 (Groundball, 13S) Carlos Hernández to third Francisco Ortíz to second
|
Batting: LHB Rafael Romero
|
0-0: Ball 1-0: Swinging Strike 1-1: Ball 2-1: Foul Ball, location: 2F 2-2: Strikes out swinging
|
Top of the 8th over - 0 runs, 2 hits, 0 errors, 3 left on base; Bompton 2 - Canonniers de Quebec 2 |
BOTTOM OF THE 8TH |
Canonniers de Quebec batting - Pitching for Bompton Baby Lakers : LHP Abdul-Nasir Rabah
|
Batting: LHB Neel Vink
|
0-0: Called Strike 0-1: Ball 1-1: Foul Ball, location: 2F 1-2: Ball 2-2: Ball 3-2: Foul Ball, location: 2F 3-2: Fly out, F7 (Flyball, 78D)
|
Batting: RHB Rich Lucas
|
0-0: Ball 1-0: Foul Ball, location: 2F 1-1: Ball 2-1: SINGLE (Groundball, 56S) (infield hit)
|
Pitching: RHP Tuna Altuna
|
|
Batting: RHB Dylan Oram
|
0-0: Fielders Choice at 2nd, 6-4 (Groundball, 56)
|
Batting: RHB Sallvador Rebola
|
0-0: Swinging Strike 0-1: Ball 1-1: Fly out, F5 (Line Drive, 56S)
|
Bottom of the 8th over - 0 runs, 1 hit, 0 errors, 1 left on base; Bompton 2 - Canonniers de Quebec 2 |
TOP OF THE 9TH |
Bompton Baby Lakers batting - Pitching for Canonniers de Quebec : RHP Erick Indiano
|
Pitching: LHP Chase Sims
|
|
Pinch Hitting: RHB Ned Lyons
|
0-0: Called Strike 0-1: Foul Ball, location: 2F 0-2: Ball 1-2: Strikes out looking
|
Batting: RHB Mike O'Neill
|
0-0: Ball 1-0: Foul Ball, location: 2F 1-1: Called Strike 1-2: Ball 2-2: Ball 3-2: Foul Ball, location: 2F 3-2: Fly out, F8 (Line Drive, 8LD)
|
Batting: RHB Seitaro Ichihara
|
0-0: Ball 1-0: Called Strike 1-1: Swinging Strike 1-2: Ball 2-2: Strikes out looking
|
Top of the 9th over - 0 runs, 0 hits, 0 errors, 0 left on base; Bompton 2 - Canonniers de Quebec 2 |
BOTTOM OF THE 9TH |
Canonniers de Quebec batting - Pitching for Bompton Baby Lakers : RHP Tuna Altuna
|
Pitching: RHP Tadayuki Ito
|
|
Now in CF: Ned Lyons
|
|
Batting: RHB Josh Iriarte
|
0-0: Ball 1-0: Ball 2-0: Ball 3-0: Called Strike 3-1: Fly out, F7 (Flyball, 7LMF)
|
Batting: RHB Spencer Wiggins
|
0-0: Called Strike 0-1: Swinging Strike 0-2: Strikes out swinging
|
Batting: LHB Joaquín Vera
|
0-0: Ball 1-0: Foul Ball, location: 2F 1-1: Swinging Strike 1-2: Ball 2-2: Strikes out swinging
|
Bottom of the 9th over - 0 runs, 0 hits, 0 errors, 0 left on base; Bompton 2 - Canonniers de Quebec 2 |
TOP OF THE 10TH |
Bompton Baby Lakers batting - Pitching for Canonniers de Quebec : LHP Chase Sims
|
Batting: RHB William Luna
|
0-0: Foul Ball, location: 2F 0-1: Swinging Strike 0-2: Ball 1-2: Ball 2-2: Foul Ball, location: 2F 2-2: Ball 3-2: Foul Ball, location: 2F 3-2: SINGLE (Line Drive, 4M)
|
Batting: RHB Carlos Hernández
|
0-0: Called Strike 0-1: Fly out, F8 (Flyball, 89D)
|
Batting: RHB Joe Smith
|
0-0: Called Strike 0-1: DOUBLE (Flyball, 8LD) William Luna to third Runner from 3rd tries for Home, SAFE, no throw
|
Batting: RHB Francisco Ortíz
|
0-0: Intentional Walk
|
Batting: RHB George Towns
|
0-0: Called Strike 0-1: Ball 1-1: SINGLE (Line Drive, 8LS) Joe Smith to third Francisco Ortíz to second Runner from 3rd tries for Home, SAFE, no throw
|
Pitching: RHP Jonathan Campbell
|
|
Batting: LHB Rafael Romero
|
0-0: Ball 1-0: Called Strike 1-1: Foul Ball, location: 2F 1-2: Strikes out looking
|
Batting: RHB Ned Lyons
|
0-0: Ball 1-0: Ball 2-0: Foul Ball, location: 2F 2-1: Ball 3-1: Base on Balls Francisco Ortíz to third George Towns to second
|
Batting: RHB Mike O'Neill
|
0-0: Fly out, F2 (Popup, 2LF)
|
Top of the 10th over - 2 runs, 3 hits, 0 errors, 3 left on base; Bompton 4 - Canonniers de Quebec 2 |
BOTTOM OF THE 10TH |
Canonniers de Quebec batting - Pitching for Bompton Baby Lakers : RHP Tadayuki Ito
|
Now at C: Roberto Sánchez
|
|
Batting: RHB Sean Urien
|
0-0: Ball 1-0: Foul Ball, location: 2F 1-1: Called Strike 1-2: SINGLE (Groundball, 34D)
|
Batting: LHB Tony McMillan
|
0-0: Foul Ball, location: 2F 0-1: Ball 1-1: Fielders Choice at 2nd, 1-4 (Groundball, 15)
|
Batting: LHB Neel Vink
|
0-0: Ball 1-0: Called Strike 1-1: Called Strike 1-2: Ground out 6-3 (Groundball, 6MD) Tony McMillan to second
|
Batting: RHB Rich Lucas
|
0-0: Ball 1-0: Ball 2-0: Called Strike 2-1: Foul Ball, location: 2F 2-2: Fly out, F8 (Flyball, 8LD)
|
Bottom of the 10th over - 0 runs, 1 hit, 0 errors, 1 left on base; Bompton 4 - Canonniers de Quebec 2 |
|